AoeStats
← InterdimensionalGayfrog

Arabia

509808796Analyzed
1v1 RM · 5d ago on Sep 28, 2026· 60m 40s· 2 players
Game mode
Random Map
Map size
Tiny (2 player)
Population
200
Speed
Normal
Resources
Standard
Victory
Conquest
Starting age
Dark Age
Ending age
Imperial Age
RankedLock teamsTeams togetherTeam positionsShared explorationLock speedFull tech treeHidden civsTurbo modeCheats
Victory
Defeat
🇨🇳 Goths · China
1333
+18
🇺🇸 Ethiopians · United States
1386
-18
InterdimensionalGayfrog
6:59 Loom
9:16 Feudal Age
10:05 Double-Bit Axe
13:14 Fletching
20:15 Castle Age
18:18 Horse Collar
19:07 Padded Archer Armor
21:04 Bodkin Arrow
20:31 Crossbowman
24:07 Bow Saw
23:57 Heavy Plow
29:31 Ballistics
30:08 Wheelbarrow
30:16 Thumb Ring
32:57 Imperial Age
31:08 Leather Archer Armor
31:04 Gold Mining
31:54 Wheelbarrow
33:38 Bracer
33:03 Arbalester
36:29 Chemistry
37:51 Town Watch
38:22 Hand Cart
42:43 Scale Mail Armor
42:54 Forging
43:59 Chain Mail Armor
45:56 Plate Mail Armor
46:01 Iron Casting
46:23 Squires
46:24 Elite Shotel Warrior
49:17 Blast Furnace
H2blue
7:57 Loom
10:11 Feudal Age
10:14 Man-at-Arms
10:52 Double-Bit Axe
22:58 Castle Age
25:38 Bow Saw
25:10 Horse Collar
27:34 Wheelbarrow
27:44 Heavy Plow
35:32 Imperial Age
33:35 Scale Mail Armor
34:33 Chain Mail Armor
34:43 Hand Cart
36:05 Squires
36:38 Conscription
36:19 Anarchy
36:19 Gold Mining
37:15 Perfusion
37:29 Elite Huskarl
38:34 Forging
42:27 Stone Mining
44:22 Iron Casting
44:04 Long Swordsman
45:17 Two-Handed Swordsman
46:06 Champion
47:55 Blast Furnace
Connection lost

Rejoining the realm…

Still unreachable

The connection could not be restored.

Session expired

The server has moved on; the page needs a fresh start.